 Dungeon Crawl Stone Soup version 0.31.0-32-g396128a36d (webtiles) character file.

Game seed: 13107182754754343345

56 Peloso the Trooper (level 3, -4/33 HPs)
             Began as a Minotaur Fighter on Mar 15, 2024.
             Killed by divine providence
             ... invoked by an orc priest
              (15 damage)
             ... on level 2 of the Dungeon.
             The game lasted 00:02:16 (1301 turns).

Peloso the Trooper (Minotaur Fighter)               Turns: 1301, Time: 00:02:17

Health: -4/33      AC: 13    Str: 20    XL:     3   Next: 69%
Magic:  2/2        EV:  5    Int:  5    God:
Gold:   83         SH:  4    Dex: 11    Spells: 2/2 levels left

rFire   . . .        a - +0 long sword
rCold   + . .        d - +0 buckler
rNeg    . . .        c - +2 plate armour {rC+}
rPois   .            (helmet restricted)
rElec   .            (no cloak)
rCorr   .            (no gloves)
SInv    .            (no boots)
Will    +....        (no amulet) Stlth
                     (no ring)
HPRegen 0.25/turn    (no ring)
MPRegen 0.08/turn

%: no passive effects
@: enlightened, flying
A: horns 2, retaliatory headbutt
a: no special abilities


You were on level 2 of the Dungeon.
You visited 1 branch of the dungeon, and saw 2 of its levels.

You collected 83 gold pieces.

Inventory:

Hand Weapons
 a - a +0 long sword (weapon)
Armour
 b - a +0 scale mail
 c - a +2 plate armour of cold resistance (worn)
 d - a +0 buckler (worn)
Scrolls
 e - a scroll of torment {unknown}
 f - 2 scrolls of teleportation
 g - a scroll of revelation
 i - a scroll of vulnerability {unknown}
 l - a scroll of identify
Potions
 h - 2 potions of might
 k - a potion of enlightenment


   Skills:
 + Level 4.2 Fighting
 + Level 3.1 Long Blades
 + Level 4.1 Armour
 + Level 0.7 Dodging
 + Level 4.1 Shields


You had 2 spell levels left.
You didn't know any spells.
Your spell library was empty.

Dungeon Overview and Level Annotations

Branches:
Dungeon (2/15)

Altars:


Innate Abilities, Weirdness & Mutations

You have a pair of horns on your head.
You reflexively headbutt those who attack you in melee.


Message History

It was a potion of enlightenment.
You feel very buoyant.
You fly up into the air.
The orc hits you but does no damage.
It was a potion of curing.
You feel better. You block the orc's attack.
You hit the orc.
The orc is severely wounded.
The orc hits you but does no damage.
Unknown command.
You closely miss the orc. You headbutt the orc, but do no damage.
The orc is severely wounded.
You block the orc's attack.
Unknown command.
You barely miss the orc.
The orc is severely wounded.
You block the orc's attack.
You barely miss the orc.
The orc is severely wounded.
The orc hits you but does no damage.
The orc priest calls upon Beogh to heal the orc.
The orc's wounds heal themselves!
The orc hits you but does no damage.
You slash the orc!
You kill the orc!
The orc priest looks braver for a moment.
The orc priest hits you but does no damage.
The orc hits you but does no damage.
Things that are here:
a +0 club; 2 boomerangs; a +0 chain mail You barely miss the orc priest.
The orc barely misses you. The orc priest hits you with a +0 club.
You hit the orc priest.
The orc priest is lightly wounded.
The orc priest hits you but does no damage.
The orc hits you but does no damage.
You closely miss the orc priest. Your headbutt misses the orc priest.
The orc priest is lightly wounded.
The orc priest calls down the wrath of Beogh upon you.
You resist with significant effort. You block the orc's attack.
The orc priest invokes the aid of Beogh against you.
Beogh smites you!
You die...

#.# .. #)# #### #.#
##.## #.. ..# #...# #.#
..#
#####.#.#####.####..#
......#.......#.....####
###.#####.......#.......
# #...#...#####.oo# #
###.#.### ##@#.o.... #
#..†# #.# ##### # ###.#
#.# # #.# #.. # ##.##
#### # ###.#.## #
#..###.# # #.#.#.## #
#.##.##


You could see an orc priest and an orc.

Vanquished Creatures
  A dart slug (D:2)
  A ribbon worm (D:2)
  An orc (D:2)
  2 ball pythons
  2 endoplasms (D:1)
  2 giant cockroaches (D:1)
  5 goblins (D:1)
  3 hobgoblins
  12 jackals
  A quokka (D:1)
  5 bats
  2 frilled lizards (D:1)
  4 kobolds (D:1)
  5 rats
46 creatures vanquished.

Notes
Turn   | Place    | Note
-------+----------+-------------------------------------------
     0 | D:1      | Peloso the Minotaur Fighter began the quest for the Orb.
     0 | D:1      | Reached XP level 1. HP: 19/19 MP: 0/0
   172 | D:1      | Reached XP level 2. HP: 25/27 MP: 1/1
   328 | D:1      | Reached XP level 3. HP: 33/33 MP: 2/2
  1301 | D:2      | Killed from afar by an orc priest

Illustrated notes

Levels and vault maps discovered:
D:1:      mushboom_english_gardens, layout_loops_ring
D:2:      layout_loops_ring

Skill      XL: |  1  2  3 |
---------------+----------+-----
Shields        | 4 |  4.1
Fighting       | 4 |  4.2
Armour         | 4 |  4.1
Long Blades    | 3 |  3.1
Dodging        | |  0.7

Action                     || total
---------------------------++-------
  Melee: Long sword        ||   114
         Headbutt          ||    15
    Use: Scroll            ||     4
         Potion            ||     2
 Armour: Scale mail        ||    88
         Plate armour      ||    23
  Dodge: Dodged            ||    73
  Block: Buckler           ||    42
